 Dungeon Crawl Stone Soup version 0.17-a0-81-g781747f (webtiles) character file.

6683 Ngotmuk the Blocker (level 11, 0/85 HPs)
             Began as a Human Fighter on Mar 15, 2015.
             Was the Champion of Cheibriados.
             Killed by the air
             ... invoked by Gastronok
              (32 damage)
             ... on level 9 of the Dungeon.
             The game lasted 00:36:09 (7868 turns).

Ngotmuk the Blocker (Human Fighter)                 Turns: 7868, Time: 00:36:09

Health: 0/85       AC: 20    Str: 35    XL:     11   Next: 23%
Magic:  11/11      EV: 17    Int: 23    God:    Cheibriados [******]
Gold:   490        SH: 14    Dex: 28    Spells: 0 memorised, 10 levels left

rFire  . . .     SeeInvis .     n - +3 flail (protect)
rCold  + . .     Clarity  .     p - +2 scale mail {rC+}
rNeg   . . .     SustAb   .     c - +0 shield
rPois  .         Gourm    .     (no helmet)
rElec  .         Spirit   .     q - +2 cloak {+Inv}
rCorr  .         Warding  .     o - +1 pair of gloves
rMut   .         Stasis   .     (no boots)
MR     +....                    (no amulet)
Stlth  +.........               r - ring of protection from magic
                                x - +5 ring of slaying

@: very slow, somewhat resistant to hostile enchantments, very unstealthy
A: no striking features
a: Bend Time, Temporal Distortion, Slouch, Step From Time, Renounce Religion,
Evoke Invisibility


You were on level 9 of the Dungeon.
You worshipped Cheibriados.
Cheibriados was exalted by your worship.
You were not hungry.

You visited 1 branch of the dungeon, and saw 9 of its levels.
You also visited: Ossuary.

You collected 490 gold pieces.

Inventory:

Hand weapons
 n - a +3 flail of protection (weapon)
Armour
 c - a +0 shield (worn)
 o - a +1 pair of gloves (worn)
 p - a +2 scale mail of cold resistance (worn)
 q - a +2 cloak of invisibility (worn)
Jewellery
 f - an uncursed ring of sustain abilities
 m - an uncursed amulet of resist mutation
 r - a ring of protection from magic (right hand)
 x - a +5 ring of slaying (left hand)
Magical devices
 j - a wand of fire (0)
Scrolls
 d - 4 scrolls of enchant armour
 i - 5 scrolls of amnesia
 k - 7 scrolls of remove curse
 s - 5 scrolls of magic mapping
 y - a scroll of teleportation
Potions
 b - 2 potions of lignification
 e - 4 potions of might
 g - a potion of degeneration {unknown}
 h - 3 potions of curing
 l - 2 potions of brilliance {unknown}
 v - 2 potions of heal wounds
 A - a potion of cure mutation
Comestibles
 a - 2 meat rations


   Skills:
 + Level 7.7 Fighting
 + Level 7.7 Maces & Flails
 + Level 8.1 Armour
 + Level 7.0 Dodging
 + Level 8.3 Shields


You had 10 spell levels left.
You didn't know any spells.

Dungeon Overview and Level Annotations

Branches:
Dungeon (9/15)             Temple (0/1) D:5
   Lair: D:8-11         Orc: D:9-12

Altars:
Cheibriados
Okawaru
Qazlal
Trog
Xom

Shops:
D:6 (

Annotations:
D:9 Gastronok


Message History

You closely miss the adder. You block the adder's attack.
You hit the adder!
You kill the adder!
Cheibriados thoroughly appreciates the change of pace.
Gastronok waves his eye-stalks in wide circles.
The air twists around and strikes you! You block the quokka's attack.
You thump the quokka!
You kill the quokka!
The quokka's corpse disappears in a puff of smoke!
Gastronok mumbles some strange words.
Gastronok seems to move somewhat quicker.
Gastronok waves his eye-stalks in wide circles.
The air twists around and strikes you!
There is an open door here.
You open the door.
Gastronok makes a strange noise.
Gastronok waves his eye-stalks in wide circles.
The air twists around and strikes you!
You die...

####################
.....................
...............#......
................#......
.................###....
.....$...........# #....
.................#+#....
.........................
..###@#######'########
#.........w...##....
#.............##....
################....
##### ... #..# .... #..#
#... . +..+ #...


You could see Gastronok.

Vanquished Creatures
  A hill giant (D:9)
  Pikel (D:6)
  Maurice (D:9)
  A queen bee (D:8)
  Prince Ribbit (D:6)
  3 wolves (D:9)
  Eustachio (D:5)
  Grum (D:9)
  2 hungry ghosts
  Edmund (D:4)
  Menkaure (D:6)
  3 ice beasts
  2 ogres
  2 orc warriors
  3 centaurs
  A big kobold (D:8)
  Sigmund (D:4)
  A wyvern zombie (D:7)
  3 giant frogs
  3 scorpions
  16 killer bees (D:8)
  8 wights
  A giant frog zombie (D:6)
  2 goliath beetles
  2 crimson imps
  A centaur zombie (D:8)
  6 hounds
  A quasit (D:9)
  2 centaur skeletons
  Crazy Yiuf (D:7)
  2 orc priests
  2 giant frog skeletons
  A jelly (D:9)
  An orc wizard (D:7)
  5 worker ants
  4 iguanas
  4 big kobold zombies (Ossuary)
  A mummy (Ossuary)
  Terence (D:3)
  4 gnolls
  11 adders
  2 shadow imps (D:7)
  5 worms
  An iguana zombie (D:7)
  An adder skeleton (D:3)
  A giant gecko (D:5)
  2 oozes
  20 orcs
  3 spectral bats (Ossuary)
  A bat skeleton (D:4)
  2 giant cockroaches
  20 goblins
  16 hobgoblins
  13 jackals
  2 ball pythons
  12 bats
  A bat simulacrum (Ossuary)
  A giant gecko skeleton (D:6)
  3 giant newts
  8 gnoll zombies (Ossuary)
  6 goblin simulacra (Ossuary)
  4 goblin zombies (Ossuary)
  2 hobgoblin zombies (Ossuary)
  19 kobolds
  2 kobold simulacra (Ossuary)
  3 kobold zombies (Ossuary)
  10 orc zombies
  3 quokkas
  23 rats
  8 rat simulacra (Ossuary)
  6 spectral goblins (Ossuary)
  2 spectral kobolds (Ossuary)
  A spectral rat (Ossuary)
312 creatures vanquished.

Vanquished Creatures (others)
  A wizard (D:4)
  4 slaves (D:6)
  A giant cockroach (D:1)
  A kobold (D:6)
  A giant spore (D:8)
  2 goblins (D:6)
  9 plants (D:8)
19 creatures vanquished.

Grand Total: 331 creatures vanquished

Notes
Turn   | Place    | Note
--------------------------------------------------------------
     0 | D:1      | Ngotmuk, the Human Fighter, began the quest for the Orb.
     0 | D:1      | Reached XP level 1. HP: 18/18 MP: 1/1
   277 | D:1      | Reached XP level 2. HP: 24/24 MP: 2/2
   765 | D:1      | Reached XP level 3. HP: 29/29 MP: 3/3
  1175 | D:2      | Reached skill level 1 in Dodging
  1191 | D:2      | Reached XP level 4. HP: 25/35 MP: 4/4
  1708 | D:3      | Reached XP level 5. HP: 37/41 MP: 5/5
  1956 | D:3      | Noticed Terence
  1977 | D:3      | Killed Terence
  2363 | D:3      | Found a snail-covered altar of Cheibriados.
  2388 | D:3      | Became a worshipper of Cheibriados the Contemplative
  2458 | D:4      | Reached skill level 4 in Shields
  2513 | D:4      | Reached XP level 6. HP: 25/48 MP: 6/6
  2535 | D:4      | Found a sand-covered staircase.
  2540 | Ossuary  | Entered an ossuary
  2666 | Ossuary  | Acquired Cheibriados' first power
  2982 | Ossuary  | Acquired Cheibriados' second power
  3111 | D:4      | Noticed Edmund
  3120 | D:4      | Killed Edmund
  3120 | D:4      | Reached XP level 7. HP: 46/54 MP: 7/7
  3178 | D:4      | Found an iron altar of Okawaru.
  3214 | D:4      | Noticed Sigmund
  3238 | D:4      | Killed Sigmund
  3560 | D:4      | Acquired Cheibriados' third power
  3621 | D:4      | Got a shimmering leather armour
  3632 | D:4      | Identified the cursed +1 leather armour "Verulug" {Int+8 Dex-2} (You found it on level 4 of the Dungeon)
  3867 | D:4      | Found a bloodstained altar of Trog.
  3870 | D:4      | Noticed a wizard
  3874 | D:4      | Killed a wizard
  3940 | D:5      | Entered Level 5 of the Dungeon
  3940 | D:5      | Found a stormy altar of Qazlal.
  3980 | D:5      | Reached XP level 8. HP: 61/61 MP: 8/8
  4006 | D:5      | Reached skill level 5 in Shields
  4043 | D:5      | Found a staircase to the Ecumenical Temple.
  4187 | D:5      | Noticed Eustachio
  4192 | D:5      | Killed Eustachio
  4482 | D:5      | Reached skill level 5 in Armour
  4752 | D:6      | Reached skill level 5 in Fighting
  4800 | D:6      | Noticed Prince Ribbit
  4800 | D:6      | Noticed Pikel
  4802 | D:6      | Killed Pikel
  4802 | D:6      | Reached skill level 5 in Maces & Flails
  4802 | D:6      | Reached skill level 6 in Shields
  4802 | D:6      | Reached XP level 9. HP: 66/68 MP: 9/9
  4820 | D:6      | Killed Prince Ribbit
  4988 | D:6      | Acquired Cheibriados' fourth power
  4988 | D:6      | Reached skill level 5 in Dodging
  5029 | D:6      | Noticed Menkaure
  5032 | D:6      | Killed Menkaure
  5251 | D:6      | Found Billoudgh's Antique Weapon Shop.
  5316 | D:6      | Found a shimmering altar of Xom.
  5666 | D:7      | Reached XP level 10. HP: 76/76 MP: 10/10
  5817 | D:7      | Reached skill level 7 in Shields
  5915 | D:7      | Noticed Crazy Yiuf
  5917 | D:7      | Killed Crazy Yiuf
  7515 | D:9      | Noticed a hill giant
  7521 | D:9      | Killed a hill giant
  7521 | D:9      | Reached skill level 8 in Shields
  7521 | D:9      | Reached XP level 11. HP: 64/84 MP: 11/11
  7609 | D:9      | Noticed Maurice
  7616 | D:9      | Killed Maurice
  7810 | D:9      | Noticed Grum
  7819 | D:9      | Killed Grum
  7847 | D:9      | Noticed Gastronok
  7868 | D:9      | Killed from afar by Gastronok

Action                   |  1- 3 |  4- 6 |  7- 9 | 10-12 || total
-------------------------+-------+-------+-------+-------++-------
Melee: Flail             |    77 |   328 |   190 |   168 ||   763
  Use: Scroll            |       |     7 |     4 |     7 ||    18
       Potion            |       |       |     2 |     1 ||     3
  Eat: Bread ration      |     1 |       |     1 |     1 ||     3
       Fruit             |       |     2 |       |       ||     2
       Beef jerky        |       |     1 |       |       ||     1
       Pizza             |       |       |     2 |       ||     2
